 Dungeon Crawl Stone Soup version 0.29.1-12-g30fa7ad0bf (webtiles) character file.

Game seed: 14463710360315217139

76451 MisterFreud the Stickfighter (level 15, -1/141 HPs)
             Began as a Minotaur Fighter on Dec 27, 2022.
             Was an Elder of Yredelemnul.
             Killed from afar by Azrael (22 damage)
             ... with a fireball
             ... on level 15 of the Dungeon.
             The game lasted 00:30:11 (24552 turns).

MisterFreud the Stickfighter (Minotaur Fighter)    Turns: 24552, Time: 00:30:12

Health: -1/141     AC: 23    Str: 29    XL:     15   Next: 12%
Magic:  13/21      EV: 10    Int:  5    God:    Yredelemnul [****..]
Gold:   1675       SH:  0    Dex: 15    Spells: 14/14 levels left

rFire   . . .      SeeInvis .   y - +5 lajatang (elec)
rCold   . . .      Faith    .   (shield currently unavailable)
rNeg    . . .      Spirit   .   i - +4 scale mail of Wu Jian's Favour {rPois Dex+2 Stlth+}
rPois   +          Reflect  .   (helmet restricted)
rElec   .          Harm     .   (no cloak)
rCorr   .          Rampage  .   v - +1 pair of gloves of the Ubiquitous God {rPois Dex+4}
Will    +....                   e - +2 pair of boots
Stlth   +.........              k - amulet of the acrobat
HPRegen 0.33/turn               I - +4 ring of slaying
MPRegen 0.17/turn               Q - +4 ring of protection

@: studying Maces & Flails
A: horns 2, retaliatory headbutt
a: Renounce Religion, Recall Undead Harvest, Dark Bargain, Drain Life


You were on level 15 of the Dungeon.
You worshipped Yredelemnul.
Yredelemnul was aware of your devotion.
You visited 3 branches of the dungeon, and saw 21 of its levels.
You also visited: Ossuary.

You collected 1966 gold pieces.
You spent 291 gold pieces at shops.

Inventory:

Hand Weapons
 y - a +5 lajatang of electrocution (weapon)
Missiles
 J - a throwing net (quivered)
Armour
 e - a +2 pair of boots (worn)
 i - the +4 scale mail of Wu Jian's Favour (worn) {rPois Dex+2 Stlth+}
   (You found it on level 4 of the Dungeon)

   Dex:       It affects your dexterity (+2).
   rPois:     It protects you from poison.
   Stlth:     It makes you more stealthy.
 v - the +1 pair of gloves of the Ubiquitous God (worn) {rPois Dex+4}
   (You bought it in a shop on level 1 of the Dungeon)

   Dex:       It affects your dexterity (+4).
   rPois:     It protects you from poison.
Jewellery
 b - a +4 ring of protection
 g - a ring of resist corrosion
 k - an amulet of the acrobat (around neck)
 m - a +6 ring of strength
 I - a +4 ring of slaying (left hand)
 P - a ring of positive energy
 Q - a +4 ring of protection (right hand)
 S - a ring of wizardry
 V - a ring of flight
 Z - an amulet of guardian spirit
Wands
 n - a wand of polymorph (19)
 A - a wand of digging (7)
 D - a wand of light (11)
 H - a wand of flame (12)
 M - a wand of paralysis (27)
 O - a wand of iceblast (11)
 W - a wand of mindburst (33)
Scrolls
 j - 4 scrolls of enchant armour
 l - 4 scrolls of magic mapping
 o - 2 scrolls of fog
 s - 5 scrolls of teleportation
 u - 4 scrolls of fear
 F - 2 scrolls of poison
 G - 5 scrolls of blinking
 U - 3 scrolls of enchant weapon
 X - 2 scrolls of immolation
 Y - 3 scrolls of silence
Potions
 c - 2 potions of heal wounds
 d - 7 potions of might
 f - 5 potions of brilliance
 h - 10 potions of curing
 p - 4 potions of flight
 q - 8 potions of haste
 t - 4 potions of cancellation
 w - 2 potions of invisibility
 x - 6 potions of mutation
 z - 6 potions of lignification
 B - a potion of ambrosia
 C - 2 potions of berserk rage
 K - a potion of resistance
 R - 2 potions of attraction
 T - 2 potions of magic
Miscellaneous
 a - a box of beasts
 r - a piece from Xom's chessboard (15/15)


   Skills:
 + Level 15.6 Fighting
 - Level 3.6 Long Blades
 - Level 20.0 Staves
 + Level 11.0 Armour
 - Level 4.0 Shields
 - Level 10.0 Invocations
 - Level 10.0 Evocations


You had 14 spell levels left.
You didn't know any spells.
Your spell library contained the following spells:

 Spells                   Type           Power      Damage    Failure   Level
 Foxfire                  Conj/Fire      0%         2x1d4     67%         1
 Magic Dart               Conj           0%         1d3       67%         1
 Necrotise                Necr           0%         1d4       67%         1
 Shock                    Conj/Air       0%         1d3       67%         1
 Slow                     Hex            0%         N/A       67%         1
 Sting                    Tmut/Pois      0%         1d3       67%         1
 Summon Small Mammal      Summ           0%         N/A       67%         1
 Call Imp                 Summ           0%         N/A       82%         2
 Poisonous Vapours        Pois/Air       0%         N/A       82%         2
 Call Canine Familiar     Summ           0%         N/A       96%         3
 Confusing Touch          Hex            0%         N/A       96%         3
 Conjure Flame            Conj/Fire      0%         6-21      96%         3
 Frozen Ramparts          Ice            0%         1d1       96%         3
 Inner Flame              Hex/Fire       0%         N/A       96%         3
 Mephitic Cloud           Conj/Pois/Air  0%         N/A       96%         3
 Ozocubu's Armour         Ice            0%         N/A       96%         3
 Summon Guardian Golem    Hex/Summ       0%         N/A       96%         3
 Swiftness                Air            0%         N/A       96%         3
 Vampiric Draining        Necr           0%         2d6       96%         3
 Airstrike                Air            0%         2d(0-16)  100%        4
 Cause Fear               Hex            0%         N/A       100%        4
 Flame Wave               Conj/Fire      0%         2d4       100%        4
 Ice Form                 Ice/Tmut       0%         N/A       100%        4
 Olgreb's Toxic Radiance  Pois           0%         N/A       100%        4
 Summon Ice Beast         Ice/Summ       0%         N/A       100%        4
 Agony                    Necr           0%         N/A       100%        5
 Alistair's Intoxication  Tmut/Pois      0%         N/A       100%        5
 Borgnjor's Vile Clutch   Necr/Erth      0%         N/A       100%        5
 Metabolic Englaciation   Hex/Ice        0%         N/A       100%        5
 Summon Mana Viper        Hex/Summ       0%         N/A       100%        5
 Eringya's Noxious Bog    Tmut/Pois      0%         N/A       100%        6
 Iron Shot                Conj/Erth      0%         9d1       100%        6
 Monstrous Menagerie      Summ           0%         N/A       100%        7
 Ozocubu's Refrigeration  Ice            0%         4d7       100%        7
 Discord                  Hex            0%         N/A       100%        8
 Shatter                  Erth           0%         3d5*      100%        9


Dungeon Overview and Level Annotations

Branches:
Dungeon (15/15)            Temple (1/1) D:4            Lair (5/5) D:8
  Swamp (0/4) Lair:3        Snake (0/4) Lair:2        Slime (0/5) Lair:4
    Orc (0/2) D:10         Vaults (0/5) D:13        Ossuary (visited)
 Depths: D:15

Altars:
Ashenzari
Cheibriados
Dithmenos
Elyvilon
Fedhas
Gozag
Hepliaklqana
Kikubaaqudgha
Makhleb
Nemelex Xobeh
Okawaru
Qazlal
Ru
Sif Muna
Trog
Uskayaw
Vehumet
Wu Jian
Xom
Yredelemnul
Zin
The Shining One
Jiyva

Shops:
D:1 *!*(   D:10 (:(

Annotations:
D:4 2 transporters
D:15 Azrael


Innate Abilities, Weirdness & Mutations

You have a pair of horns on your head.
You reflexively headbutt those who attack you in melee.


Message History

* * * LOW HITPOINT WARNING * * *
The bolt of fire hits your bound centaur warrior!!
The fire elemental hits you. The fire elemental burns you!
* * * LOW HITPOINT WARNING * * *
Unknown command.
Unknown command.
You feel much better.
Your centaur warrior zombie hits Azrael.
Your centaur warrior zombie kicks Azrael but does no damage.
Your bound centaur warrior hits the fire elemental!
Your bound centaur warrior kicks the fire elemental but does no damage.
Your ugly thing zombie barely misses Azrael.
The fire elemental hits your bound centaur warrior.
The fire elemental burns your bound centaur warrior!
Your slime creature zombie hits Azrael.
A tengu conjurer comes into view.
Azrael gestures at you.
The fireball explodes!
The fireball engulfs you!
* * * LOW HITPOINT WARNING * * *
The fireball engulfs your ugly thing zombie!!
The fireball engulfs Azrael.
Azrael completely resists.
The fireball engulfs your bound centaur warrior!!
The fireball engulfs the fire elemental.
The fire elemental completely resists.
The fireball engulfs your centaur warrior zombie!!
You hear a shout!
Unknown command.
Unknown command.
Unknown command.
Unknown command.
You feel much better. The fire elemental hits you.
The fire elemental burns you!
* * * LOW HITPOINT WARNING * * *
Your ugly thing zombie hits Azrael but does no damage.
Your centaur warrior zombie barely misses the fire elemental.
Your centaur warrior zombie kicks the fire elemental.
Azrael gestures at you.
The fireball explodes!
The fireball engulfs you!!
You die...
Your body rises from the dead as a mindless zombie.

#..## ##....~~~≈. #.###
#....~~~≈~##### ###..##
......~≈~≈≈≈≈≈# #.....Z
......~§§~~≈≈≈≈ ##Z.#Z.
......§~≈~.≈≈ ##.Z###
........°≈≈ ##(..#
.......E)### ###ZZ..##
.Q....R@Z(.####.Z.Z...#
.....ZZZ...#...........#
...............Z........
........................
........................
........................
........................
#######..............#..
#.###########..###


You could see Azrael (possessable, ally target), a fire elemental (distracted),
a tengu conjurer, a friendly bound centaur warrior, a friendly slime creature
zombie, a friendly ugly thing zombie and a friendly centaur warrior zombie.

Vanquished Creatures
  2 vault guards (D:13)
  2 boulder beetles
  The ghost of Turbognida the Cleaver, a journeyman GnCK of Vehumet (D:11)
  4 hydras
  4 centaur warriors
  3 two-headed ogres
  6 death yaks
  A tengu warrior (D:14)
  Urug (D:13)
  Sonja (Lair:5)
  4 skeletal warriors (D:13)
  A bog body (Lair:3)
  A deep elf archer (D:13)
  3 deep elf pyromancers
  2 orc knights (D:15)
  2 orc sorcerers (D:13)
  4 ugly things (D:15)
  2 manticores
  A wolf spider (Lair:5)
  2 oklob plants (Lair:2)
  A cyclops (D:14)
  4 black mambas
  A guardian serpent (Lair:5)
  11 cane toads
  2 gargoyles
  A rime drake (Lair:2)
  7 komodo dragons
  2 tengu conjurers (D:14)
  8 polar bears
  4 kobold demonologists
  3 trolls
  2 hornets (Lair:5)
  2 raiju (Lair:5)
  A tarantella (shapeshifter) (D:13)
  6 slime creatures
  4 dream sheep (Lair:5)
  5 blink frogs (Lair:4)
  A vampire (D:11)
  12 wyverns
  19 yaks
  A shadow (D:12)
  A fire elemental (D:15)
  5 wraiths
  2 basilisks
  A human (D:13)
  2 steam dragons
  6 wargs (Lair:5)
  Grum (D:8)
  A swamp worm (Lair:3)
  2 acid dragons
  32 water moccasins
  12 hell hounds
  An ice beast (D:4)
  A swamp drake (Lair:3)
  5 sky beasts
  4 orc warriors
  8 black bears
  36 wolves
  A tengu (Lair:1)
  12 centaurs
  A phantom (D:6)
  17 kobold brigands
  A necrophage (D:6)
  9 bullfrogs
  7 wights (D:8)
  6 killer bees
  An electric eel (Lair:3)
  A lava snake (D:8)
  2 hounds
  A jelly (D:8)
  4 orc priests
  A spectral scorpion (D:3)
  Natasha (thrice) (D:3)
  9 orc wizards
  8 mummies (Ossuary)
  A scorpion simulacrum (D:3)
  19 adders
  A river rat (D:8)
  3 white imps
  An ufetubus (D:3)
  An adder skeleton (D:3)
  6 worms
  3 dart slugs (D:1)
  29 orcs
  7 endoplasms
  2 giant cockroaches
  2 gnoll zombies (Ossuary)
  9 goblins
  10 hobgoblins
  10 jackals
  18 kobolds
  8 quokkas
  4 ball pythons
  2 ball python zombies (D:3)
  A bat (D:3)
  A frilled lizard (D:2)
  A hobgoblin zombie (Ossuary)
  A jackal skeleton (D:3)
  3 kobold zombies (Ossuary)
  2 orc zombies (Ossuary)
  6 rats
499 creatures vanquished.

Vanquished Creatures (collateral kills)
  A boulder beetle (D:15)
  2 hydras
  2 vault guards (D:13)
  2 centaur warriors
  A catoblepas (Lair:5)
  A skeletal warrior (D:13)
  2 ugly things
  A lindwurm (Lair:5)
  2 cyclopes
  3 black mambas
  A cane toad (Lair:5)
  Psyche (D:11)
  A komodo dragon (Lair:2)
  A troll (D:11)
  4 blink frogs (Lair:5)
  2 polar bears (Lair:5)
  2 slime creatures
  2 dream sheep (Lair:5)
  A wyvern (Lair:5)
  A vampire (D:11)
  A fire elemental (D:15)
  8 yaks
  2 redbacks (Lair:5)
  A steam dragon (D:11)
  5 water moccasins
  5 hell hounds
  5 black bears (Lair:5)
  An orc warrior (D:15)
  4 wolves
  2 centaurs (D:14)
  2 kobold brigands
  A howler monkey (D:11)
  An adder (Lair:1)
  4 orcs
  15 kobolds
  3 training dummies (D:10)
  3 plants (Lair:5)
96 creatures vanquished.

Vanquished Creatures (others)
  2 ugly thing zombies
  A spectral orc (D:15)
  An unseen horror (D:11)
  2 slime creature zombies (D:13)
  A black mamba zombie (Lair:5)
  A spectral hornet (D:11)
  A cane toad zombie (Lair:5)
  2 dream sheep zombies (Lair:5)
  A rime drake zombie (Lair:2)
  3 hell hound zombies
  A wyvern zombie (Lair:2)
  3 water moccasin zombies
  A raiju zombie (Lair:5)
  2 warg zombies (Lair:5)
  A killer bee (Lair:3)
  A polar bear zombie (Lair:5)
  3 wolf zombies
  6 centaur zombies
  2 bullfrog zombies
  2 black bear zombies (Lair:5)
  A jelly (Lair:3)
  A killer bee zombie (Lair:3)
  5 kobold zombies
  A sky beast zombie (D:11)
  A steam dragon zombie (D:11)
  A jelly zombie (Lair:3)
  5 orc zombies
  3 adder zombies (Lair:1)
  52 fungi
  135 plants
  10 withered plants
252 creatures vanquished.

Grand Total: 847 creatures vanquished

Notes
Turn   | Place    | Note
-------+----------+-------------------------------------------
     0 | D:1      | MisterFreud the Minotaur Fighter began the quest for the
                  | Orb.
     0 | D:1      | Reached XP level 1. HP: 19/19 MP: 0/0
    29 | D:1      | Found Osoem's Assorted Antiques.
   282 | D:1      | Reached XP level 2. HP: 28/28 MP: 1/1
   511 | D:1      | Found Zoliecs's Assorted Antiques.
   597 | D:1      | Found Ahobuhe's Antique Armour Emporium.
   908 | D:1      | Reached skill level 5 in Fighting
   959 | D:1      | Found Jusyihuf's Antique Weapon Shop.
   995 | D:1      | Reached XP level 3. HP: 35/36 MP: 2/2
  1002 | D:1      | Found a faded altar of an unknown god.
  1128 | D:1      | Found Afoziurph's Distillery.
  1173 | D:1      | Bought a potion of curing for 30 gold pieces
  1738 | D:2      | Reached XP level 4. HP: 33/44 MP: 3/3
  2271 | D:2      | Found a shimmering altar of Xom.
  3194 | D:3      | Noticed Natasha
  3195 | D:3      | Found the +4 dagger "Morg" {pain, Will+ Int+5}
  3207 | D:3      | Killed Natasha
  3225 | D:3      | Reached XP level 5. HP: 18/52 MP: 4/4
  3551 | D:3      | Noticed Natasha
  3563 | D:3      | Killed Natasha
  3564 | D:3      | Found a radiant altar of Vehumet.
  3649 | D:4      | Found a transporter.
  3669 | D:4      | Identified the +4 scale mail of Wu Jian's Favour {rPois
                  | Dex+2 Stlth+}
  3686 | D:4      | Noticed an ice beast
  3696 | D:4      | Killed an ice beast
  3697 | D:4      | Reached XP level 6. HP: 61/61 MP: 5/5
  3926 | D:4      | Found a transporter.
  3948 | D:4      | Found a sand-covered staircase.
  3956 | Ossuary  | Entered an ossuary
  3984 | Ossuary  | Reached skill level 5 in Armour
  4428 | D:4      | Found a staircase to the Ecumenical Temple.
  4611 | D:5      | Entered Level 5 of the Dungeon
  4828 | D:5      | Reached XP level 7. HP: 12/68 MP: 6/6
  5427 | D:3      | Noticed Natasha
  5433 | D:3      | Killed Natasha
  5509 | D:1      | Bought a pair of bloodstained gloves for 218 gold pieces
  5509 | D:1      | Identified the +1 pair of gloves of the Ubiquitous God
                  | {rPois Dex+4} (You bought it in a shop on level 1 of the
                  | Dungeon)
  5514 | D:1      | Bought a scroll labelled FOARO RULASS for 23 gold pieces
  5514 | D:1      | Bought a fizzy black potion for 20 gold pieces
  5514 | D:1      | Acquired a +0 lajatang of electrocution
  5634 | D:5      | Reached skill level 1 in Staves
  5668 | D:4      | Reached skill level 2 in Staves
  6022 | D:6      | Reached skill level 3 in Staves
  6036 | D:6      | Reached skill level 4 in Staves
  6160 | D:6      | Reached skill level 5 in Staves
  7024 | D:7      | Reached skill level 6 in Staves
  7024 | D:7      | Reached XP level 8. HP: 70/74 MP: 7/7
  7209 | D:7      | Reached skill level 7 in Staves
  7577 | D:7      | Found a glowing golden altar of the Shining One.
  7616 | D:7      | Reached skill level 8 in Staves
  7843 | D:8      | Reached skill level 9 in Staves
  7892 | D:8      | Found a shadowy altar of Dithmenos.
  7939 | D:8      | Reached skill level 10 in Staves
  7973 | D:8      | Reached XP level 9. HP: 53/81 MP: 8/8
  8182 | D:8      | Reached skill level 11 in Staves
  8307 | D:8      | Noticed a death yak
  8316 | D:8      | Noticed a death yak
  8320 | D:8      | Noticed a death yak
  8322 | D:8      | Killed a death yak
  8323 | D:8      | Reached skill level 12 in Staves
  8332 | D:8      | Killed a death yak
  8333 | D:8      | Reached skill level 13 in Staves
  8337 | D:8      | Killed a death yak
  8338 | D:8      | Reached skill level 14 in Staves
  8338 | D:8      | Reached XP level 10. HP: 64/89 MP: 9/9
  8442 | D:8      | Found a staircase to the Lair.
  8529 | D:8      | Got Unidaycrap's Vellum of the Polar Boulder
  8582 | D:8      | Noticed Grum
  8594 | D:8      | Killed Grum
  8960 | Temple   | Entered the Ecumenical Temple
  8990 | Temple   | Became a worshipper of Yredelemnul the Dark
  9538 | D:9      | Reached * piety under Yredelemnul
  9605 | D:9      | Noticed a soul eater
  9618 | D:9      | Reached ** piety under Yredelemnul
  9633 | D:9      | Reached *** piety under Yredelemnul
  9642 | D:9      | Reached skill level 10 in Fighting
 10069 | D:9      | Noticed a gargoyle
 10075 | D:9      | Killed a gargoyle
 10263 | D:9      | Noticed a two-headed ogre
 10270 | D:9      | Killed a two-headed ogre
 10331 | D:9      | Reached **** piety under Yredelemnul
 10341 | D:9      | Reached ***** piety under Yredelemnul
 10342 | D:9      | Reached skill level 10 in Armour
 10349 | D:9      | Reached XP level 11. HP: 70/102 MP: 10/10
 10750 | D:10     | Entered Level 10 of the Dungeon
 10757 | D:10     | Found a staircase to the Orcish Mines.
 10767 | D:10     | Reached skill level 1 in Invocations
 10842 | D:10     | Found Lutinyl's Book Shoppe.
 10961 | D:10     | Found Angasal's Firing Range.
 11405 | D:10     | Found Rizilo's Weapon Emporium.
 11838 | Lair:1   | Entered Level 1 of the Lair of Beasts
 11967 | Lair:1   | Reached skill level 5 in Invocations
 12658 | Lair:1   | Reached ****** piety under Yredelemnul
 13683 | Lair:2   | Found a blossoming altar of Fedhas.
 13685 | Lair:2   | Noticed an oklob plant
 13686 | Lair:2   | Noticed an oklob plant
 13692 | Lair:2   | Killed an oklob plant
 13923 | Lair:2   | Killed an oklob plant
 13924 | Lair:2   | Reached XP level 12. HP: 98/112 MP: 16/18
 14197 | Lair:2   | Reached skill level 10 in Invocations
 14299 | Lair:2   | Reached skill level 1 in Evocations
 14757 | Lair:2   | Found a staircase to the Snake Pit.
 15225 | Lair:3   | Identified the +3 scale mail "Yryhad" {rElec Int-2 SInv}
 15275 | Lair:3   | Found a staircase to the Swamp.
 15442 | Lair:3   | Reached skill level 5 in Evocations
 16337 | Lair:4   | Noticed a death yak
 16339 | Lair:4   | Noticed a death yak
 16339 | Lair:4   | Noticed a death yak
 16344 | Lair:4   | Killed a death yak
 16350 | Lair:4   | Killed a death yak
 16352 | Lair:4   | Killed a death yak
 16540 | Lair:4   | Found a staircase to the Slime Pits.
 16541 | Lair:4   | Found a viscous altar of Jiyva.
 17007 | Lair:5   | Entered Level 5 of the Lair of Beasts
 17065 | Lair:5   | Noticed a six-headed hydra
 17073 | Lair:5   | Killed an 11-headed hydra
 17292 | Lair:5   | Noticed a catoblepas
 17308 | Lair:5   | Killed a catoblepas
 17314 | Lair:5   | Reached XP level 13. HP: 99/118 MP: 19/19
 17567 | Lair:5   | Reached skill level 10 in Evocations
 18034 | Lair:5   | Reached skill level 15 in Fighting
 18420 | Lair:5   | Noticed Sonja
 18427 | Lair:5   | Killed Sonja
 18610 | Lair:5   | Reached skill level 15 in Staves
 19303 | D:11     | Noticed Psyche
 19315 | D:11     | Reached skill level 16 in Staves
 19315 | D:11     | Reached XP level 14. HP: 67/135 MP: 20/20
 19315 | D:11     | Killed Psyche
 19719 | D:11     | Found a runed translucent door.
 19719 | D:11     | Noticed Turbognida's ghost (journeyman GnCK)
 20058 | D:11     | Killed Turbognida's ghost
 20584 | D:12     | Reached skill level 17 in Staves
 21125 | D:13     | Noticed Urug
 21600 | D:13     | Reached skill level 18 in Staves
 21608 | D:13     | Killed Urug
 22285 | D:13     | Reached skill level 19 in Staves
 22895 | D:13     | Found a gate to the Vaults.
 23825 | D:14     | Found an ancient bone altar of Kikubaaqudgha.
 23927 | D:15     | Entered Level 15 of the Dungeon
 23982 | D:15     | Reached skill level 20 in Staves
 24101 | D:15     | Identified the +1 leather armour of the Inquisitive Runes
                  | {Str+4 Int+5}
 24113 | D:15     | Reached XP level 15. HP: 117/141 MP: 21/21
 24533 | D:15     | Noticed Azrael
 24550 | D:15     | HP: 4/141 [Azrael/bolt of fire (16)]
 24550 | D:15     | HP: 1/141 [fire elemental[Azrael] (3)]
 24552 | D:15     | Killed from afar by Azrael

Illustrated notes

Levels and vault maps discovered:
D:1:      dpeg_arrival_renting, layout_loops_ring,
          hellmonk_ecumenical_altar_prayer_group, serial_shops, shop,
          nicolae_shop_hallway_stairs, shop, nicolae_shop_stone,
          nicolae_shop_hallway_stairs
D:2:      layout_basic, basic_altar
D:3:      layout_loops_ring, mainiacjoe_overflow_surrounded_room,
          nrook_mini_backslash, small_statue_intersection,
          dilly_guarded_unrand_morg
D:4:      gammafunk_steamed_eel, layout_rooms, minmay_temple_entry_poolview,
          nicolae_ossuary_entry_false_entrances, minmay_misc_feat_tiny
D:5:      layout_basic
D:6:      layout_loops_corners, nicolae_concentric_dashed_squares_mild
D:7:      layout_loops_ring, tso_altar
D:8:      layout_cave_pods, lemuel_tele_altar, dpeg_lair_monsters,
          nicolae_lava_and_water, kennysheep_another_room, uniq_grum
D:9:      layout_roguey [special_room_kobold]
D:10:     layout_gridville, minmay_orc_entry_temple_small, serial_shops,
          nicolae_shop_bloodbath_and_beyond, nicolae_shop_advertising_works
          [nicolae_subvault_shop_adworks], moated_statue,
          nicolae_shop_firing_range
D:11:     layout_cave_pools, gammafunk_ghost_grave, hangedman_misty_isle,
          uniq_psyche
D:12:     layout_loops_corners
D:13:     layout_long_grid, grunt_vaults_entry_fortified, uniq_urug
D:14:     layout_irregular_city, kiku_gazebo_garden_becter
D:15:     gammafunk_depths_entry_grave, layout_cave_pods,
          yredelemnul_altar_generic, serial_rivers,
          chequers_serial_rivers_marsh, chequers_serial_rivers_large_a,
          chequers_serial_rivers_small_3, chequers_serial_rivers_micro_a,
          chequers_serial_rivers_large_b, chequers_serial_rivers_small_b,
          uniq_azrael
Temple:   hellmonk_temple_of_storms
Lair:1:   lemuel_reptile_caves, layout_misc_corridors, grunt_megastairs_2
Lair:2:   wander_river, layout_small_grid, dummy_snake_entry,
          nicolae_quartered_pool_medium, hangedman_tree_tricks,
          beast_lair_carwin_4
Lair:3:   layout_hall_layers, nicolae_swamp_entry_splash_gauntlet,
          serial_bayou_shore_a, infiniplex_staircase_pool_2
Lair:4:   layout_roguey, slime_entry_1, lemuel_old_faithful, grunt_megastairs_4
Lair:5:   hangedman_lair_tendril_chambers, layout_regular_city,
          hangedman_lair_caniforms_friends, uniq_sonja

Skill      XL: |  1  2  3  4  5  6  7  8  9 10 11 12 13 14 15 |
---------------+----------------------------------------------+-----
Fighting       | 4 5 6 7 8 11 12 15 | 15.6
Armour         | 4 6 10 11 | 11.0
Shields        | 4 |  4.0
Long Blades    | 3 |  3.6
Staves         | 6 10 14 16 20 | 20.0
Invocations    | 9 10 | 10.0
Evocations     | 9 10 | 10.0

Action                   |  1- 3 |  4- 6 |  7- 9 | 10-12 | 13-15 || total
-------------------------+-------+-------+-------+-------+-------++-------
Melee: Long sword        |   105 |   226 |    13 |       |       ||   344
       Headbutt          |    17 |    34 |    29 |    92 |    99 ||   271
       Lajatang          |       |       |   161 |   472 |   445 ||  1078
Throw: Dart              |       |       |     1 |       |       ||     1
Invok: Recall Undead Har |       |       |       |       |     3 ||     3
       Bind Soul         |       |       |       |       |     4 ||     4
Evoke: Wand              |       |       |       |     8 |       ||     8
  Use: Scroll            |     2 |    13 |     6 |     8 |     5 ||    34
       Potion            |       |       |       |     1 |     2 ||     3
 Stab: Distracted        |       |       |       |     7 |    10 ||    17
Armor: Scale mail        |    43 |   148 |   144 |   308 |   288 ||   931
Dodge: Dodged            |    45 |    92 |    54 |   267 |   354 ||   812
Block: Buckler           |    23 |    66 |     3 |       |       ||    92
